 Dungeon Crawl Stone Soup version 0.23.2-11-gf996548c65 (webtiles) character file.

Game seed: 7436111344844013853

144 Gingernuke the Slasher (level 5, -5/47 HPs)
             Began as a Minotaur Monk on June 3, 2019.
             Slain by a hippogriff (6 damage)
             ... on level 3 of the Dungeon.
             The game lasted 00:12:54 (3767 turns).

Gingernuke the Slasher (Minotaur Monk)              Turns: 3767, Time: 00:12:56

Health: -5/47      AC:  5    Str: 15    XL:     5   Next: 5%
Magic:  4/4        EV: 12    Int:  7    God:
Gold:   70         SH:  0    Dex: 14    Spells: 4/4 levels left

rFire    . . .     SeeInvis .   a - +0 falchion
rCold    . . .     Gourm    .   (no shield)
rNeg     . . .     Faith    .   w - +0 ring mail
rPois    .         Spirit   .   (helmet restricted)
rElec    .         Reflect  .   (no cloak)
rCorr    .         Harm     .   (no gloves)
MR       .....     Rnd*Tele +   (no boots)
Stlth    +.........             (no amulet)
HPRegen  0.15/turn              l - ring of teleportation (curse)
MPRegen  0.09/turn              (no ring)

@: about to teleport
A: retaliatory headbutt, horns 2
a: no special abilities


You were on level 3 of the Dungeon.
You were not hungry.

You visited 1 branch of the dungeon, and saw 3 of its levels.

You collected 70 gold pieces.

Inventory:

Hand Weapons
 a - a +0 falchion (weapon)
Missiles
 q - 124 stones (quivered)
Armour
 w - a +0 ring mail (worn)
Jewellery
 l - a cursed ring of teleportation (left hand)
Scrolls
 g - a scroll of enchant armour
 h - a scroll of fog
 u - a scroll of enchant weapon {unknown}
 v - a scroll of magic mapping
Potions
 e - a potion of mutation {unknown}
 f - a potion of ambrosia {unknown}
 i - a potion of agility {unknown}
 k - a potion of haste {unknown}
 m - a potion of flight {unknown}
 n - a potion of brilliance {unknown}
 r - a potion of berserk rage {unknown}
 t - 2 potions of curing {unknown}
Comestibles
 c - 3 rations
 d - 10 chunks of flesh


   Skills:
 + Level 4.7 Fighting
 * Level 5.5 Long Blades
 + Level 1.5 Armour
 - Level 3.8 Dodging
 - Level 1.5 Stealth


You had 4 spell levels left.
You didn't know any spells.
Your spell library was empty.

Dungeon Overview and Level Annotations

Branches:
Dungeon (3/15)

Altars:

Annotations:
D:2 1 runed translucent door, Crazy Yiuf
D:3 Ijyb, Sigmund


Innate Abilities, Weirdness & Mutations

You reflexively headbutt those who attack you in melee.
You have a pair of horns on your head.


Message History

The hippogriff bites you!
* * * LOW HITPOINT WARNING * * *
The hippogriff completely misses you.
The hippogriff claws you but does no damage.
The hobgoblin hits you with a +0 club.
* * * LOW HITPOINT WARNING * * *
Okay, then.
As you read the scroll labeled DOSIEBIGEPP, it crumbles to dust.
You feel strangely unstable.
It was a scroll of teleportation.
The hippogriff bites you.
* * * LOW HITPOINT WARNING * * *
The hippogriff pecks you but does no damage.
The hippogriff claws you but does no damage.
You closely miss the hobgoblin. Your headbutt misses the hobgoblin.
The hobgoblin is heavily wounded.
The hobgoblin barely misses you. You furiously retaliate!
You headbutt the hobgoblin.
You riposte.
You hit the hobgoblin.
You kill the hobgoblin!
The hippogriff closely misses you. The hippogriff pecks you.
You die...

... .............#
#.. ...
##........#### #..
... . #........#
#.. ... ..
.##........# ...
... ...
..........### ###
... ....
######.....# ...
..... #........#
...
......###.##.....#
.....g)@H.##.....#
...r.#######.....#
@.. #.....# #
#.....# #######
... .... #....
.....


You could see a hippogriff, Sigmund (wandering), Ijyb and a quokka.

Vanquished Creatures
  A crimson imp (D:2)
  Robin (D:2)
  2 adders
  A dart slug (D:1)
  A worm (D:3)
  A leopard gecko (D:2)
  7 orcs (D:3)
  16 goblins
  9 hobgoblins
  3 jackals (D:1)
  5 kobolds
  2 quokkas (D:3)
  5 bats
  4 frilled lizards
  5 rats
63 creatures vanquished.

Notes
Turn   | Place    | Note
-------+----------+-------------------------------------------
     0 | D:1      | Gingernuke the Minotaur Monk began the quest for the Orb.
     0 | D:1      | Reached XP level 1. HP: 19/19 MP: 0/0
   700 | D:1      | Reached XP level 2. HP: 27/27 MP: 1/1
   745 | D:1      | Reached skill level 4 in Long Blades
  1125 | D:1      | Reached skill level 1 in Armour
  1520 | D:2      | Reached XP level 3. HP: 33/33 MP: 2/2
  2124 | D:2      | Reached XP level 4. HP: 41/41 MP: 3/3
  2544 | D:2      | Noticed Robin
  2561 | D:2      | Killed Robin
  2561 | D:2      | Reached skill level 5 in Long Blades
  3029 | D:2      | Found a runed translucent door.
  3030 | D:2      | Noticed Crazy Yiuf
  3379 | D:3      | Noticed Sigmund
  3639 | D:3      | Reached XP level 5. HP: 42/47 MP: 4/4
  3736 | D:3      | Noticed a hippogriff
  3762 | D:3      | Noticed Ijyb
  3765 | D:3      | HP: 2/47 [hobgoblin/+0 club (5)]
  3767 | D:3      | Slain by a hippogriff

Skill      XL: |  1  2  3  4 |
---------------+-------------+-----
Long Blades    | 4 5 |  5.5
Fighting       | 4 |  4.7
Armour         | 1 |  1.5
Dodging        | |  3.8
Stealth        | |  1.5

Action                   |  1- 3 |  4- 6 || total
-------------------------+-------+-------++-------
Melee: Falchion          |    60 |    75 ||   135
       Headbutt          |    11 |    12 ||    23
Throw: Stone             |     2 |    24 ||    26
  Use: Scroll            |     1 |     6 ||     7
 Stab: Sleeping          |     3 |       ||     3
  Eat: Chunk             |     4 |     5 ||     9
Armor: Robe              |    16 |     7 ||    23
       Ring mail         |       |    11 ||    11
Dodge: Dodged            |    36 |    44 ||    80
       Rpst.: Falchion   |     9 |    16 ||    25
